 Dungeon Crawl Stone Soup version 0.32-a0-814-g0968bab981 (webtiles) character file.

Game seed: 5586447962903747506

16864 Nvm9 the Fighter (level 12, -1/148 HPs)
             Began as a Demonspawn Fighter on Mar 22, 2024.
             Was the Champion of Okawaru.
             Slain by a hellwing (6 damage)
             ... summoned by an orc high priest
             ... on level 12 of the Dungeon.
             The game lasted 00:23:23 (11271 turns).

Nvm9 the Fighter (Demonspawn Fighter)              Turns: 11271, Time: 00:23:24

Health: -1/148     AC: 18    Str: 21    XL:     12   Next: 13%
Magic:  0/12       EV: 11    Int: 16    God:    Okawaru [******]
Gold:   547        SH:  7    Dex: 19    Spells: 11/11 levels left

rFire   . . .        b - +2 war axe (flame)
rCold   + . .        c - +0 buckler
rNeg    + . .        U - +0 crystal plate armour "Toolod" {+Blink Int+5}
rPois   .            (helmet restricted)
rElec   .            f - +2 cloak {Will+}
rCorr   +            y - +0 pair of gloves
SInv    .            v - +0 pair of boots
Will    +....        O - amulet "Ugrodghe" {rC+ rN+ Regen+ rCorr Int+2} Stlth
                     m - +6 ring of dexterity
HPRegen 1.24/turn    q - +5 ring of evasion
MPRegen 0.26/turn

%: guardian spirit
@: berserking (expiring), corroded, very quick
A: claws 2, repulsion field 2, icemail 2, magic shield, magic regeneration,
condensation shield, corrupting presence 1, horns 1, screaming 1
a: Renounce Religion, Evoke Blink, Heroism, Finesse, Duel, Receive Weapon


You were on level 12 of the Dungeon.
You worshipped Okawaru.
Okawaru was exalted by your worship.
You visited 3 branches of the dungeon, and saw 15 of its levels.

You collected 787 gold pieces.
You spent 240 gold pieces at shops.

Inventory:

Hand Weapons
 a - a +0 war axe
 b - a +2 war axe of flaming (weapon)
 u - a +5 halberd of freezing
 C - a +2 broad axe of electrocution
Missiles
 g - 4 curare-tipped darts (quivered)
 l - 34 poisoned darts
 N - 2 throwing nets
 S - 3 datura-tipped darts
Armour
 c - a +0 buckler (worn)
 f - a +2 cloak of willpower (worn)
 h - +0 swamp dragon scales
 v - a +0 pair of boots (worn)
 y - a +0 pair of gloves (worn)
 D - a +4 plate armour
 F - +0 acid dragon scales
 U - the +0 crystal plate armour "Toolod" (worn) {+Blink Int+5}
   (Okawaru gifted it to you on level 12 of the Dungeon)

   Int+5:     It affects your intelligence (+5).
   +Blink:    It lets you blink.
Jewellery
 m - a +6 ring of dexterity (left hand)
 q - a +5 ring of evasion (right hand)
 r - a ring of ice
 w - a ring of flight
 z - an amulet of reflection
 O - the amulet "Ugrodghe" (around neck) {rC+ rN+ Regen+ rCorr Int+2}
   (You acquired it on level 11 of the Dungeon)

   [amulet of regeneration]

   Int+2:     It affects your intelligence (+2).
   rC+:       It protects you from cold.
   rN+:       It protects you from negative energy.
   Regen+:    It increases your rate of health regeneration.
   rCorr:     It protects you from acid and corrosion.
Wands
 k - a wand of light (13)
 t - a wand of paralysis (5)
 x - a wand of flame (41)
 G - a wand of mindburst (13)
 J - a wand of polymorph (6)
 R - a wand of warping (12)
Scrolls
 e - 13 scrolls of identify
 i - 2 scrolls of vulnerability
 j - 3 scrolls of teleportation
 n - 5 scrolls of torment
 o - 2 scrolls of poison
 p - a scroll of immolation
 H - 2 scrolls of blinking
 L - a scroll of silence
 Q - a scroll of amnesia
Potions
 d - a potion of might
 s - a potion of enlightenment
 A - a potion of attraction
 B - a potion of magic
 K - 2 potions of curing {unknown}
 M - 2 potions of haste {unknown}
Miscellaneous
 E - a lightning rod (4/4)


   Skills:
 * Level 10.6 Fighting
 * Level 9.4 Axes
 * Level 9.7 Armour
 * Level 9.7 Shields
 * Level 0.1 Evocations


You had 11 spell levels left.
You didn't know any spells.
Your spell library contained the following spells:

 Spells                   Type           Power      Damage    Failure   Level
 Ensorcelled Hibernation  Hex/Ice        0%         N/A       100%        2
 Sublimation of Blood     Necr           0%         N/A       100%        2
 Fugue of the Fallen      Necr           0%         N/A       100%        3
 Ozocubu's Armour         Ice            0%         N/A       100%        3
 Stone Arrow              Conj/Erth      0%         3d7       100%        3
 Anguish                  Hex/Necr       0%         N/A       100%        4
 Cause Fear               Hex            0%         N/A       100%        4
 Ignite Poison            Fire/Alch      0%         N/A       100%        4
 Manifold Assault         Tloc           0%         N/A       100%        4
 Sticky Flame             Fire/Alch      0%         2d4       100%        4
 Enfeeble                 Hex            0%         N/A       100%        7
 Ignition                 Fire           0%         3d3       100%        8
 Lehudib's Crystal Spear  Conj/Erth      0%         10d2      100%        8
 Call Imp                 Summ           Unusable   N/A       N/A         2
 Animate Armour           Summ/Erth      Unusable   N/A       N/A         4
 Summon Hydra             Summ           Unusable   N/A       N/A         7

Dungeon Overview and Level Annotations

Branches:
Dungeon (13/15)            Temple (1/1) D:4            Lair (0/5) D:9
    Orc (1/2) D:12
 Vaults: D:13-14

Altars:
Ashenzari
Cheibriados
Dithmenos
Fedhas
Gozag
Hepliaklqana
Kikubaaqudgha
Makhleb
Nemelex Xobeh
Okawaru
Qazlal
Ru
Sif Muna
Trog
Uskayaw
Vehumet
Wu Jian
Xom
Yredelemnul

Shops:
D:1 (   D:12 ?

Annotations:
D:6 Prince Ribbit
D:9 1 runed translucent door, Fastnbulbous's ghost, novice DsCA


Innate Abilities, Weirdness & Mutations

You have very sharp fingernails.
You are surrounded by a moderate repulsion field. (EV +3)
A meltable icy envelope protects you from harm. (AC +0)
When hurt, damage is shared between your health and your magic reserves.
You regenerate magic rapidly.
A meltable shield of frost defends you. (SH +0)
Your presence sometimes corrodes those you injure.
You have a pair of small horns on your head.
You occasionally shout uncontrollably at your foes.


Message History

* * * LOW HITPOINT WARNING * * *
The orc high priest barely misses you.
Unknown command.
You are too berserk!
You closely miss the orc high priest.
Your headbutt misses the orc high priest.
The orc high priest is heavily wounded.
You slash the rust devil!
You kill the rust devil!
The rust devil disappears in a puff of smoke!
You hit the sun demon. You block the sun demon's attack.
Unknown command.
Unknown command.
You hit the orc high priest but do no damage.
Your headbutt misses the orc high priest.
The orc high priest is heavily wounded.
You hit the sun demon but do no damage. You hit the hellwing.
You burn the hellwing.
The orc high priest hits you but does no damage.
Unknown command.
Unknown command.
Unknown command.
Unknown command.
You are too berserk!
You closely miss the orc high priest. You headbutt the orc high priest.
The orc high priest is heavily wounded.
You closely miss the hellwing. You hit the sun demon.
The sun demon hits you but does no damage.
The hellwing hits you.
* * * LOW HITPOINT WARNING * * *
The hellwing hits you but does no damage.
The orc high priest completely misses you.
Unknown command.
Unknown command.
You closely miss the orc high priest.
The orc high priest is heavily wounded.
You hit the hellwing but do no damage. You slash the sun demon!
The sun demon hits you but does no damage.
The hellwing hits you.
You die...

# #.....#...#.......####'#...
#######.....##+###......##...####
.......######...##.............#.
.....#...........'.............#.
...>.#..........##......##.)...#.
.....#..........##......##.....'.
.....########'####......#########
.######....##.)3##......#........
.'...#........)o@#......#........
.#...#.......).4.#......#........
.#...#...........#......'........
.###.##..####...##......#........
...#.##..######'##......#........
...#.....#......##......#......#+
...#.....#......###'#####......#.
...#.....#..............#......#.
...#.....#>.^..[........#......#.


You could see an orc high priest, a sun demon (summoned, corroded) and a
hellwing (summoned).

Vanquished Creatures
  A hydra (D:13)
  4 two-headed ogres
  An ugly thing (D:13)
  A deep elf pyromancer (D:12)
  A manticore (D:11)
  A cyclops (D:11)
  2 kobold blastminers
  A gargoyle (D:12)
  Maggie (D:8)
  A kobold demonologist (D:11)
  A tengu conjurer (D:10)
  4 trolls
  Grinder (D:3)
  4 wyverns
  3 shadows
  A vampire (D:11)
  27 yaks
  A steam dragon (D:8)
  5 vampire mosquitoes
  2 acid dragons
  3 sky beasts
  7 orc warriors
  2 ogres
  2 ice beasts
  2 wolves (D:9)
  2 centaurs
  2 kobold brigands
  3 bullfrogs
  2 gnoll sergeants
  A scorpion (D:6)
  4 wights (D:7)
  4 howler monkeys (D:10)
  4 bombardier beetles
  A jelly (D:8)
  A gnoll bouda (D:8)
  7 orc priests
  Crazy Yiuf (D:3)
  A sleepcap (D:7)
  Jessica (D:3)
  9 orc wizards
  3 iguanas
  3 hound skeletons (D:3)
  A howler monkey skeleton (D:3)
  16 gnolls
  5 adders
  2 ufetubi (D:7)
  2 ribbon worms (D:2)
  4 dart slugs
  41 orcs
  4 ball pythons
  6 endoplasms
  5 goblins
  3 hobgoblins
  2 jackals (D:2)
  14 kobolds
  2 quokkas
  8 bats
  5 frilled lizards
  8 rats
256 creatures vanquished.

Notes
Turn   | Place    | Note
-------+----------+-------------------------------------------
     0 | D:1      | Nvm9 the Demonspawn Fighter began the quest for the Orb.
     0 | D:1      | Reached XP level 1. HP: 18/18 MP: 1/1
    60 | D:1      | Found Plog's Antique Weapon Emporium.
   111 | D:1      | Gained mutation: You regenerate magic rapidly. [demonic
                  | ancestry]
   111 | D:1      | Reached XP level 2. HP: 24/24 MP: 2/2
   552 | D:2      | Found a faded altar of an unknown god.
   597 | D:2      | Gained mutation: When hurt, damage is shared between your
                  | health and your magic reserves. [demonic ancestry]
   597 | D:2      | Reached XP level 3. HP: 27/29 MP: 3/3
  1118 | D:2      | Gained mutation: A meltable shield of frost defends you.
                  | (SH +0) [demonic ancestry]
  1118 | D:2      | Reached XP level 4. HP: 35/35 MP: 4/4
  1522 | D:3      | Noticed Grinder
  1543 | D:3      | Killed Grinder
  1544 | D:3      | Reached skill level 4 in Fighting
  1544 | D:3      | Gained mutation: A meltable icy envelope protects you from
                  | harm. (AC +0) [demonic ancestry]
  1544 | D:3      | Reached XP level 5. HP: 14/42 MP: 3/5
  1544 | D:3      | Gained mutation: A meltable icy envelope protects you from
                  | harm. (AC +0) [demonic ancestry]
  1544 | D:3      | Reached XP level 6. HP: 17/48 MP: 3/6
  2080 | D:3      | Noticed Jessica
  2086 | D:3      | Killed Jessica
  2305 | D:3      | Found a runed translucent door.
  2306 | D:3      | Noticed Crazy Yiuf
  2467 | D:3      | Killed Crazy Yiuf
  3172 | D:4      | Found a staircase to the Ecumenical Temple.
  3184 | Temple   | Entered the Ecumenical Temple
  3261 | D:5      | Entered Level 5 of the Dungeon
  3322 | Temple   | Became a worshipper of Warmaster Okawaru
  3507 | D:5      | Reached XP level 7. HP: 31/55 MP: 5/7
  3755 | D:5      | Found an opulent altar of Gozag.
  4355 | D:6      | Noticed Prince Ribbit
  4521 | D:6      | Reached skill level 5 in Fighting
  4589 | D:7      | Reached * piety under Okawaru
  4614 | D:7      | Reached skill level 5 in Shields
  4618 | D:7      | Reached skill level 5 in Armour
  4618 | D:7      | Gained mutation: You are surrounded by a mild repulsion
                  | field. (EV +2) [demonic ancestry]
  4618 | D:7      | Reached XP level 8. HP: 43/63 MP: 5/8
  4966 | D:7      | Reached ** piety under Okawaru
  4968 | D:7      | Reached skill level 5 in Axes
  5250 | D:7      | Reached skill level 6 in Fighting
  5960 | D:8      | Noticed Maggie
  5982 | D:8      | Killed Maggie
  5983 | D:8      | Gained mutation: You are surrounded by a moderate repulsion
                  | field. (EV +3) [demonic ancestry]
  5983 | D:8      | Reached XP level 9. HP: 37/71 MP: 2/9
  6334 | D:8      | Reached *** piety under Okawaru
  6947 | D:8      | Reached skill level 7 in Fighting
  6980 | D:8      | Found a blossoming altar of Fedhas.
  7129 | D:8      | Found a shimmering blue altar of Sif Muna.
  7401 | D:9      | Noticed a two-headed ogre
  7404 | D:9      | Noticed a two-headed ogre
  7412 | D:9      | Killed a two-headed ogre
  7417 | D:9      | Killed a two-headed ogre
  7417 | D:9      | Reached **** piety under Okawaru
  7418 | D:9      | Gained mutation: You have sharp fingernails. [demonic
                  | ancestry]
  7418 | D:9      | Reached XP level 10. HP: 48/80 MP: 6/10
  7532 | D:9      | Found a runed translucent door.
  7532 | D:9      | Found a shimmering altar of Xom.
  7532 | D:9      | Noticed Fastnbulbous's ghost (novice DsCA)
  7532 | D:9      | Noticed a +0 quarterstaff of chaos
  7834 | D:9      | Found a staircase to the Lair.
  7844 | D:9      | Reached skill level 8 in Fighting
  8436 | D:10     | Entered Level 10 of the Dungeon
  8453 | D:10     | Reached ***** piety under Okawaru
  8577 | D:10     | Reached skill level 9 in Fighting
  8588 | D:10     | Received a gift from Okawaru
  8622 | D:10     | Gained mutation: Your presence sometimes corrodes those you
                  | injure. [demonic ancestry]
  8622 | D:10     | Reached XP level 11. HP: 83/89 MP: 9/11
  9241 | D:11     | Identified a scroll of acquirement
  9241 | D:11     | Acquired the amulet "Ugrodghe" {rC+ rN+ Regen+ rCorr Int+2}
  9625 | D:11     | Received a gift from Okawaru
 10046 | D:11     | Gained mutation: You occasionally shout uncontrollably at
                  | your foes. [potion of mutation]
 10046 | D:11     | Gained mutation: You have a pair of small horns on your
                  | head. [potion of mutation]
 10150 | D:12     | Noticed a two-headed ogre
 10161 | D:12     | Killed a two-headed ogre
 10345 | D:12     | Reached skill level 10 in Fighting
 10375 | D:12     | Noticed a two-headed ogre
 10382 | D:12     | Killed a two-headed ogre
 10524 | D:12     | Found Koikh's Magic Scroll Shop.
 10558 | D:12     | Bought a scroll of enchant armour for 120 gold pieces
 10558 | D:12     | Bought a scroll of enchant weapon for 120 gold pieces
 10574 | D:12     | Noticed a deep elf pyromancer
 10581 | D:12     | Killed a deep elf pyromancer
 10646 | D:12     | Found a staircase to the Orcish Mines.
 11000 | D:13     | Noticed an eight-headed hydra
 11006 | D:13     | Noticed a white ugly thing
 11009 | D:13     | Killed a four-headed hydra
 11016 | D:13     | Killed a white ugly thing
 11016 | D:13     | Reached ****** piety under Okawaru
 11017 | D:13     | Gained mutation: You have very sharp fingernails. [demonic
                  | ancestry]
 11017 | D:13     | Reached XP level 12. HP: 91/98 MP: 12/12
 11076 | D:12     | Acquired the +0 crystal plate armour "Toolod" {+Blink
                  | Int+5}
 11076 | D:12     | Received a gift from Okawaru
 11101 | Orc:1    | Entered Level 1 of the Orcish Mines
 11123 | Orc:1    | Received a gift from Okawaru
 11148 | Orc:1    | Noticed an orc high priest
 11267 | D:12     | HP: 2/148 [sun demon[an orc high priest] (16)]
 11271 | D:12     | Slain by a hellwing

Illustrated notes

Levels and vault maps discovered:
D:1:      wheals_arrival_shading, layout_rooms, serial_shops,
          nicolae_shop_advertising_works [nicolae_subvault_shop_adworks]
D:2:      layout_basic, nicolae_ecumenical_oubliette,
          wad_floor_pattern_untrapped, minivault_27
D:3:      layout_loops_ring, serial_undead, serial_undead_b, serial_undead_f,
          serial_undead_d, serial_undead_e, uniq_grinder,
          uniq_crazy_yiuf_cottage, uniq_jessica
D:4:      layout_loops_cross, minmay_temple_entry_fiery, serial_bayou_lagoon_a,
          nrook_loot_triangle, minivault_5
D:5:      layout_loops_corners, nicolae_gozag_cash_rules_everything_around_me,
          serial_bayou_pond_b, hex_tiny
D:6:      layout_basic, guppyfry_shop_venom, uniq_prince_ribbit1
D:7:      layout_loops_ring
D:8:      layout_loops_corners, marbit_many_paths, lemuel_blue_sif_altar,
          st_stairs_7, uniq_maggie
D:9:      layout_irregular_city, erik_lair_orcish_takeover, ebering_ghost_xom
D:10:     layout_loops_ring
D:11:     layout_loops_ring, st_stairs_10
D:12:     layout_gridville, orc_0_dummy, serial_shops,
          nicolae_shop_temple_entry_statues_fountains, gauntlet_entry_generic
D:13:     minmay_the_grid_triangle_9x9_line_8_mashed
          [minmay_the_grid_triangle_9x9_odd_lines,
          minmay_the_grid_triangle_9x9_checkered,
          minmay_the_grid_triangle_9x9_minimal,
          minmay_the_grid_triangle_9x9_dagger,
          minmay_the_grid_triangle_9x9_limited_checkers,
          minmay_the_grid_triangle_9x9_pentomino_pain,
          minmay_the_grid_triangle_9x9_wacky_v,
          minmay_the_grid_triangle_9x9_prize_top_heavy], layout_loops_cross,
          david_vaults_4
Temple:   nicolae_temple_bog_church
Orc:1:    layout_caves, serial_shops, nicolae_shop_overgrown_old_shop, shop,
          shop

Skill      XL: |  1  2  3  4  5  6  7  8  9 10 11 |
---------------+----------------------------------+-----
Axes           | 2 3 4 5 6 8 9 |  9.4
Armour         | 3 4 5 6 7 8 9 |  9.7
Shields        | 3 4 5 6 7 8 9 |  9.7
Fighting       | 4 5 6 7 9 10 | 10.6
Evocations     | |  0.1

Action                     |  1- 3 |  4- 6 |  7- 9 | 10-12 || total
---------------------------+-------+-------+-------+-------++-------
  Melee: War axe           |    85 |   112 |   208 |   308 ||   713
         Broad axe         |       |       |   114 |    74 ||   188
         Headbutt          |       |       |       |    40 ||    40
 Invoke: Receive Armour    |       |       |       |     1 ||     1
    Use: Scroll            |     2 |     6 |     2 |     8 ||    18
         Potion            |       |     6 |     5 |     3 ||    14
 Armour: Scale mail        |    74 |    79 |    64 |       ||   217
         Plate armour      |       |       |   108 |   269 ||   377
         Chain mail        |       |       |    23 |       ||    23
         Crystal plate arm |       |       |       |    91 ||    91
  Dodge: Dodged            |    34 |    37 |   222 |   240 ||   533
  Block: Buckler           |    25 |    61 |   195 |   247 ||   528

Table legend: (Time is in decaauts)
 A = Elapsed time spent in this place.
 B = Non-inter-level travel time spent in this place.
 C = Inter-level travel time spent in this place.
 D = Time resting spent in this place.
 E = Time spent auto-exploring this place.
 F = Levels seen in this place.
 G = Mean time per level.
                   A        B        C        D        E       F      G
               +--------+--------+--------+--------+--------+-----+--------+
         Total |  11524 |  11167 |    357 |   1714 |   6997 |  15 |  768.3 |
       Dungeon |  11441 |  11101 |    340 |   1714 |   6997 |  13 |  880.1 |
        Temple |     43 |     26 |     17 |      0 |      0 |   1 |   43.0 |
  Orcish Mines |     39 |     39 |      0 |      0 |      0 |   1 |   39.0 |
               +--------+--------+--------+--------+--------+-----+--------+

Top non-repeatable levels by time:
     D:8: 1533 daAuts
     D:7: 1300 daAuts
     D:3: 1188 daAuts
     D:9: 1127 daAuts
    D:12: 945 daAuts
     D:5: 943 daAuts
    D:11: 915 daAuts
     D:2: 900 daAuts
    D:10: 818 daAuts
     D:4: 776 daAuts
     D:1: 586 daAuts
     D:6: 248 daAuts
    D:13: 156 daAuts
  Temple: 43 daAuts
   Orc:1: 39 daAuts
